 Dungeon Crawl Stone Soup version 0.30-a0-778-g2ef04afb54 (webtiles) character file.

Game seed: 10815512491325428134

16829 AzureAlchemist the Thaumaturge (level 12, -3/92 HPs)
             Began as a Barachi Fire Elementalist on Feb 16, 2023.
             Was a High Priest of Cheibriados.
             Shot with an arrow by a salamander (9 damage)
             ... in a volcano.
             The game lasted 00:53:29 (13638 turns).

AzureAlchemist the Thaumaturge (BaFE)              Turns: 13638, Time: 00:53:29

Health: -3/92      AC:  9    Str: 26    XL:     12   Next: 41%
Magic:  26/26      EV: 18    Int: 33    God:    Cheibriados [*****.]
Gold:   1402       SH:  6    Dex: 24    Spells: 18/31 levels left

rFire   + . .      SeeInvis .    a - +7 whip of Okawaru's Regard {pain, rPois Str+4}
rCold   + . .      Faith    .    z - +0 buckler
rNeg    . . .      Spirit   .    T - +2 leather armour {rC+}
rPois   +          Reflect  .    t - +0 helmet
rElec   .          Harm     .    H - +1 cloak {rCorr}
rCorr   +          Rampage  .    E - +0 pair of gloves
Will    .....                    (no boots)
Stlth   ++                       y - amulet of magic regeneration
HPRegen 0.35/turn                e - ring of protection from cold
MPRegen 0.60/turn                A - ring of fire

@: unable to hop, very slow
A: amphibious, slowness 1, strong legs 1, +LOS
a: Hop, Renounce Religion, Bend Time, Temporal Distortion, Slouch, Step From
Time


You were in a volcano.
You worshipped Cheibriados.
Cheibriados was extremely pleased with you.
You visited 2 branches of the dungeon, and saw 12 of its levels.
You also visited: Sewer and Volcano.

You collected 1402 gold pieces.

Inventory:

Hand Weapons
 a - the +7 whip of Okawaru's Regard (weapon) {pain, rPois Str+4}
   (You took it off a gnoll on level 8 of the Dungeon)

   Str:       It affects your strength (+4).
   rPois:     It protects you from poison.
 b - a +1 sling of flaming
Missiles
 C - a curare-tipped dart
Armour
 t - a +0 helmet (worn)
 z - a +0 buckler (worn)
 E - a +0 pair of gloves (worn)
 H - a +1 cloak of preservation (worn)
 T - a +2 leather armour of cold resistance (worn)
Magical Staves
 c - a staff of fire
Jewellery
 e - a ring of protection from cold (left hand)
 g - a ring of positive energy
 y - an amulet of magic regeneration (around neck)
 A - a ring of fire (right hand)
Wands
 m - a wand of roots (10)
 r - a wand of mindburst (20)
 J - a wand of light (11)
 O - a wand of charming (3)
 Q - a wand of flame (13)
Scrolls
 h - 3 scrolls of enchant weapon
 i - 2 scrolls of fog
 l - 4 scrolls of amnesia
 s - 5 scrolls of immolation
 v - a scroll of vulnerability
 x - 2 scrolls of enchant armour
 F - 2 scrolls of fear
 L - a scroll of silence
 M - 3 scrolls of poison {unknown}
 P - 12 scrolls of teleportation
 S - 3 scrolls of magic mapping {unknown}
Potions
 f - 6 potions of curing
 j - a potion of ambrosia
 k - 2 potions of invisibility {unknown}
 n - 4 potions of heal wounds
 p - 3 potions of mutation {unknown}
 q - 6 potions of haste
 u - a potion of brilliance {unknown}
 w - 2 potions of magic
 B - a potion of cancellation {unknown}
 D - 3 potions of might {unknown}
 I - 4 potions of lignification
 K - 3 potions of attraction
 R - a potion of berserk rage {unknown}
Miscellaneous
 N - a tin of tremorstones (inert)


   Skills:
 + Level 8.1 Fighting
 + Level 7.9 Dodging
 - Level 1.7 Stealth
 - Level 5.0 Shields
 - Level 10.0 Spellcasting
 - Level 10.0 Conjurations
 - Level 7.0 Hexes
 - Level 10.0 Fire Magic


You had 18 spell levels left.
You knew the following spells:

 Your Spells              Type           Power      Damage    Failure   Level
a - Foxfire               Conj/Fire      100%       2x1d9     1%          1
b - Scorch                Fire           100%       2d10      1%          2
c - Inner Flame           Hex/Fire       83%        N/A       1%          3
d - Flame Wave            Conj/Fire      89%        2d19      1%          4
e - Hailstorm             Conj/Ice       49%        3d11      1%          3

Your spell library contained the following spells:

 Spells                   Type           Power      Damage    Failure   Level
 Kindle Blastsparks       Fire/Tloc/Air  100%       2d18      3%          3
 Leda's Liquefaction      Hex/Erth       19%        N/A       10%         4
 Gell's Gravitas          Tloc           16%        N/A       12%         3
 Teleport Other           Tloc           16%        N/A       12%         3
 Ice Form                 Ice/Tmut       16%        N/A       38%         4
 Manifold Assault         Tloc           16%        N/A       38%         4
 Lee's Rapid Deconstruct  Erth           8%         3d7*      75%         5
 Dispersal                Tloc           8%         N/A       99%         6
 Simulacrum               Ice/Necr       8%         N/A       99%         6
 Statue Form              Tmut/Erth      10%        N/A       99%         6
 Disjunction              Tloc           8%         N/A       100%        8


Dungeon Overview and Level Annotations

Branches:
Dungeon (9/15)             Temple (0/1) D:6            Lair (3/5) D:9
  Swamp (0/4) Lair:2        Sewer (visited)         Volcano (1/1)
  Snake: Lair:2-3    Spider: Lair:2-3       Orc: D:9-12

Altars:
Ashenzari
Cheibriados
Hepliaklqana
Ru
Uskayaw
Zin

Shops:
D:9 (


Innate Abilities, Weirdness & Mutations

You are amphibious.
You cover ground slowly.
You can hop short distances.
You have an extended range of vision and can be seen from far away.


Message History

The burst of rock shards engulfs the salamander!!
You kill the salamander!
Cheibriados appreciates the change of pace.
The tin is emptied!
The air gets thick with the scent of sulphur.
The salamander hits you but does no damage.
Your Fighting skill increases to level 8!
Okay, then.
Okay, then.
You closely miss the salamander.
The salamander is almost dead.
The salamander hits you but does no damage.
You completely miss the salamander.
The salamander is almost dead.
The salamander barely misses you.
You whack the salamander!
The salamander is almost dead.
In the distance, the volcano erupts with a roar.
The salamander hits you.
* * * LOW HITPOINT WARNING * * *
You are engulfed in flames.
You resist.
* * * LOW HITPOINT WARNING * * *
A salamander comes into view.
It is wielding a +0 trident of freezing.
Blink to where?
Press: ? - help, Dir - move target
As you read the scroll of blinking, it crumbles to dust.
The salamander wields a +0 shortbow of flaming.
It bursts into flame!
The salamander shoots an arrow.
The arrow hits you!
* * * LOW HITPOINT WARNING * * *
There is a rock-blocked tunnel here.
The salamander shoots an arrow.
You block the arrow.
The salamander shoots an arrow.
The arrow completely misses you.
The salamander shoots an arrow.
The arrow hits you!
* * * LOW HITPOINT WARNING * * *
The salamander shoots an arrow.
The arrow hits you.
* * * LOW HITPOINT WARNING * * *
There is a rocky tunnel leading out of this place here.
You see here a +2 robe of cold resistance.
The salamander shoots an arrow.
The arrow hits you!
You die...

#8.N.8#
#.....#
#.....#
#8...8#
#.....#
#.....#
#8.∩.8#
##...##
##@##
###


You could see a salamander.

Vanquished Creatures
  A boulder beetle (Lair:2)
  A two-headed ogre (D:9)
  A death yak (Lair:1)
  A salamander mystic (Volcano)
  4 lindwurms (Lair:2)
  A wolf spider zombie (D:7)
  A salamander (Volcano)
  2 centaur zombies (D:7)
  An unseen horror (D:9)
  3 centaur skeletons (D:7)
  3 komodo dragons
  A torpor snail (Lair:1)
  A cane toad (Lair:2)
  A rime drake (Lair:2)
  2 hellwings (D:7)
  A troll (D:9)
  A hornet (D:9)
  Sigmund (D:3)
  A shadow (D:8)
  6 wyverns
  19 yaks
  A steam dragon (D:6)
  2 basilisks
  5 water moccasins
  Pargi (Sewer)
  2 black bears
  5 ogres
  3 wolves (Lair:2)
  4 centaurs
  A phantom (D:5)
  4 bullfrogs
  2 kobold brigands
  A gnoll sergeant (D:8)
  A scorpion (D:5)
  A necrophage (D:6)
  3 killer bees (D:8)
  8 howler monkeys
  Crazy Yiuf (D:3)
  2 orc priests (D:6)
  A jelly (D:5)
  An iguana (D:6)
  An orc wizard (D:6)
  Ijyb (D:3)
  A mummy (D:4)
  Robin (D:4)
  3 gnolls (D:8)
  6 adders
  A river rat (D:3)
  10 shadow imps
  2 worms
  7 dart slugs
  19 orcs
  8 ball pythons
  12 bats
  4 endoplasms
  3 giant cockroaches
  8 hobgoblins
  3 jackals (D:2)
  4 quokkas
  6 frilled lizards
  14 goblins
  17 kobolds
  7 rats
240 creatures vanquished.

Vanquished Creatures (others)
  437 foxfires
  7 fungi
  26 plants
  8 withered plants (D:7)
478 creatures vanquished.

Grand Total: 718 creatures vanquished

Notes
Turn   | Place    | Note
-------+----------+-------------------------------------------
     0 | D:1      | AzureAlchemist the Barachi Fire Elementalist began the
                  | quest for the Orb.
     0 | D:1      | Reached XP level 1. HP: 13/13 MP: 3/3
   216 | D:1      | Reached XP level 2. HP: 18/19 MP: 0/5
   219 | D:1      | Learned a level 2 spell: Scorch
   773 | D:1      | Reached XP level 3. HP: 24/24 MP: 4/8
   834 | D:1      | Learned a level 3 spell: Inner Flame
  1615 | D:2      | Reached XP level 4. HP: 25/30 MP: 5/10
  2106 | D:3      | Noticed Ijyb
  2116 | D:3      | Killed Ijyb
  2117 | D:3      | Reached skill level 1 in Hexes
  2152 | D:3      | Found a glowing silver altar of Zin.
  2172 | D:3      | Noticed an ogre
  2313 | D:3      | Found a runed translucent door.
  2383 | D:3      | Killed an ogre
  2384 | D:3      | Reached XP level 5. HP: 35/35 MP: 2/11
  2390 | D:3      | Learned a level 4 spell: Flame Wave
  2497 | D:3      | Noticed Sigmund
  2516 | D:3      | Killed Sigmund
  2517 | D:3      | Reached XP level 6. HP: 41/41 MP: 9/12
  2526 | D:3      | Found a glowing drain.
  2580 | Sewer    | Entered a sewer
  2730 | Sewer    | Noticed Pargi
  2737 | Sewer    | Killed Pargi
  2738 | Sewer    | Reached skill level 5 in Hexes
  2738 | Sewer    | Reached skill level 5 in Fire Magic
  2738 | Sewer    | Reached XP level 7. HP: 46/46 MP: 5/13
  3950 | D:4      | Noticed Robin
  3952 | D:4      | Killed Robin
  4184 | D:4      | Found a snail-covered altar of Cheibriados.
  4195 | D:4      | Became a worshipper of Cheibriados the Contemplative
  4437 | D:5      | Entered Level 5 of the Dungeon
  4475 | D:5      | Reached skill level 1 in Shields
  4754 | D:5      | Found a broken altar of Ashenzari.
  4826 | D:5      | Reached skill level 5 in Conjurations
  4989 | D:5      | Reached XP level 8. HP: 52/52 MP: 12/14
  5561 | D:6      | Found a staircase to the Ecumenical Temple.
  5730 | D:6      | Reached * piety under Cheibriados
  6309 | D:6      | Reached skill level 5 in Shields
  6775 | D:7      | Reached XP level 9. HP: 57/57 MP: 11/15
  6804 | D:7      | Noticed a hellwing
  6896 | D:7      | Reached ** piety under Cheibriados
  7049 | D:7      | Reached skill level 5 in Spellcasting
  7415 | D:7      | Found a sacrificial altar of Ru.
  7510 | D:7      | Killed a hellwing
  7604 | D:7      | Reached skill level 5 in Dodging
  7604 | D:7      | Reached XP level 10. HP: 15/63 MP: 11/20
  8019 | D:7      | Identified a scroll of acquirement
  8020 | D:7      | Acquired 689 gold pieces
  8304 | D:8      | Reached skill level 1 in Fighting
  8313 | D:8      | Reached *** piety under Cheibriados
  8412 | D:8      | Reached skill level 5 in Fighting
  8458 | D:8      | Found a hide-covered altar of Uskayaw.
  9043 | D:8      | Identified the +7 whip of Okawaru's Regard {pain, rPois
                  | Str+4}
  9460 | D:3      | Noticed Crazy Yiuf
  9465 | D:3      | Killed Crazy Yiuf
 10033 | D:9      | Reached XP level 11. HP: 80/84 MP: 9/23
 10122 | D:9      | Noticed a two-headed ogre
 10129 | D:9      | Killed a two-headed ogre
 10545 | D:9      | Found a hazy altar of Hepliaklqana.
 10553 | D:9      | Reached **** piety under Cheibriados
 10649 | D:9      | Found a staircase to the Lair.
 10788 | D:9      | Found Topebis's Weapon Shop.
 10873 | D:9      | Reached skill level 10 in Spellcasting
 10950 | Lair:1   | Entered Level 1 of the Lair of Beasts
 11461 | Lair:1   | Noticed a death yak
 11960 | Lair:1   | Killed a death yak
 12322 | Lair:2   | Noticed a lindwurm
 12335 | Lair:2   | Noticed a boulder beetle
 12346 | Lair:2   | Killed a boulder beetle
 12398 | Lair:2   | Noticed a lindwurm
 12400 | Lair:2   | Noticed a lindwurm
 12401 | Lair:2   | Noticed a lindwurm
 12408 | Lair:2   | Killed a lindwurm
 12414 | Lair:2   | Killed a lindwurm
 12417 | Lair:2   | Killed a lindwurm
 12434 | Lair:2   | Reached XP level 12. HP: 65/91 MP: 12/26
 12636 | Lair:2   | Reached ***** piety under Cheibriados
 12826 | Lair:2   | Found a staircase to the Swamp.
 12915 | Lair:2   | Reached skill level 10 in Conjurations
 12915 | Lair:2   | Reached skill level 10 in Fire Magic
 13529 | Lair:3   | Found a dark tunnel.
 13534 | Volcano  | Entered a volcano
 13573 | Volcano  | Learned a level 3 spell: Hailstorm
 13609 | Volcano  | Found a bloodstained altar of Trog.
 13610 | Volcano  | Noticed a hell knight
 13638 | Volcano  | Shot with an arrow by a salamander

Illustrated notes

Levels and vault maps discovered:
D:1:      psy_arrival_heroes, layout_basic, minmay_pentomino_q4
D:2:      layout_rooms, serial_curves, eino_curves_02, eino_curves_03,
          minmay_misc_feat_diagonals
D:3:      layout_loops_ring, zin_academy, cheibrodos_sewer_entry_sluice,
          uniq_ijyb, uniq_crazy_yiuf_cottage, uniq_sigmund
D:4:      layout_basic, slow_altar_2, minmay_misc_feat_alley, uniq_robin
D:5:      layout_basic, lemuel_round_altar
D:6:      layout_rooms, minmay_temple_entry_statues_fountains, serial_curves,
          eino_curves_02, eino_curves_03, eino_curves_02, eino_curves_02,
          lightli_orcish_oven
D:7:      cheibrodos_grave_circle, layout_cave_pools, general_overflow_altar
D:8:      layout_cave_pods, nicolae_uskayaw_dance_hall
D:9:      layout_irregular_city, nicolae_hepliaklqana_hazy_memory,
          david_lair_generic, serial_shops, nicolae_shop_bloodbath_and_beyond,
          serial_bayou_pond_c
Lair:1:   layout_roguey, serial_bayou_shore_b, serial_bayou_shore_b
Lair:2:   layout_hall_layers, swamp_mist, minmay_lindwurm_lava,
          lemuel_fruit_tree
Lair:3:   layout_misc_corridors, minmay_snake_entry_six_corridors,
          nicolae_volcano_entry_hallway
Volcano:  kennysheep_volcano_temple

Skill      XL: |  1  2  3  4  5  6  7  8  9 10 11 12 |
---------------+-------------------------------------+-----
Spellcasting   | 3 4 7 8 10 | 10.0
Fire Magic     | 4 5 6 7 9 10 | 10.0
Hexes          | 3 4 5 6 7 |  7.0
Conjurations   | 2 5 7 9 10 | 10.0
Shields        | 3 5 |  5.0
Dodging        | 5 7 |  7.9
Fighting       | 7 8 |  8.1
Stealth        | |  1.7

Action                     |  1- 3 |  4- 6 |  7- 9 | 10-12 || total
---------------------------+-------+-------+-------+-------++-------
  Melee: Unarmed           |     4 |       |       |       ||     4
         Mace              |     1 |    10 |       |       ||    11
         Staff             |       |     3 |     8 |    19 ||    30
         Whip              |       |       |       |     8 ||     8
   Fire: Sling             |       |       |     1 |       ||     1
   Cast: Foxfire           |    44 |    28 |   103 |    66 ||   241
         Scorch            |    18 |    17 |    33 |    22 ||    90
         Inner Flame       |       |       |     5 |    19 ||    24
         Flame Wave        |       |       |     8 |    39 ||    47
         Hailstorm         |       |       |       |     6 ||     6
Ability: Hop               |       |     1 |     3 |     4 ||     8
  Evoke: Tin of tremorston |       |       |       |     2 ||     2
         Wand              |       |       |       |     1 ||     1
    Use: Scroll            |       |     5 |     3 |     9 ||    17
         Potion            |       |     5 |       |     1 ||     6
 Armour: Robe              |     2 |       |    35 |    28 ||    65
         Leather armour    |       |    24 |       |     2 ||    26
         Troll leather arm |       |       |     1 |       ||     1
  Dodge: Dodged            |    10 |    33 |    61 |    96 ||   200
  Block: Buckler           |       |       |    18 |    42 ||    60

Table legend: (Time is in decaauts)
 A = Elapsed time spent in this place.
 B = Non-inter-level travel time spent in this place.
 C = Inter-level travel time spent in this place.
 D = Time resting spent in this place.
 E = Time spent auto-exploring this place.
 F = Levels seen in this place.
 G = Mean time per level.
                   A        B        C        D        E       F      G
               +--------+--------+--------+--------+--------+-----+--------+
         Total |  18534 |  17479 |   1055 |   2916 |  11640 |  14 | 1323.9 |
       Dungeon |  13820 |  12826 |    994 |   2147 |   8750 |   9 | 1535.6 |
          Lair |   4188 |   4127 |     61 |    737 |   2640 |   3 | 1396.0 |
         Sewer |    366 |    366 |      0 |      8 |    250 |   1 |  366.0 |
       Volcano |    158 |    158 |      0 |     24 |      0 |   1 |  158.0 |
               +--------+--------+--------+--------+--------+-----+--------+

Top non-repeatable levels by time:
  Lair:1: 2158 daAuts
  Lair:2: 2012 daAuts
     D:5: 1983 daAuts
     D:6: 1918 daAuts
     D:3: 1783 daAuts
     D:8: 1733 daAuts
     D:9: 1505 daAuts
     D:1: 1437 daAuts
     D:7: 1361 daAuts
     D:4: 1268 daAuts
     D:2: 828 daAuts
   Sewer: 366 daAuts
 Volcano: 158 daAuts
  Lair:3: 17 daAuts
